General information
- name: BNet
- type: Ladder team game (AT/RT)
- host: Battle.net
- saver: DontPlayTill1k
map: FullScaleAssault
- players: 8
- length: 26:22
- speed: Fast
- version: 1.28 W3XP
- replay type: Public
» download(273 KB)
Players
team 1 (loser)
OrcShaman (
red | 43 APM | 802 actions | 18:26)
4 Blademaster
2 Wind Walk
2 Critical Strike
» actions
| Assign group hotkey | 15 | |
| Basic commands | 37 | |
| Build / train | 59 | |
| ESC pressed | 1 | |
| Enter build submenu | 18 | |
| Enter hero's abilities submenu | 4 | |
| Give item / drop item | 2 | |
| Right click | 278 | |
| Select / deselect | 139 | |
| Select group hotkey | 191 | |
| Use ability | 58 | |
802 total
» units
| Peon | 14 | |
| Wind Rider | 8 | |
| Troll Batrider | 4 | |
26 total
» upgrades
| Spiked Barricades | 3 | |
| Envenomed Spears | 1 | |
| Reinforced Defenses | 1 | |
| Ranged Weapons | 3 | |
| Armor | 2 | |
| Liquid Fire | 1 | |
11 total
» buildings
| Altar of Storms | 1 | |
| Orc Burrow | 8 | |
| Voodoo Lounge | 1 | |
| War Mill | 1 | |
| Stronghold | 1 | |
| Watch Tower | 3 | |
| Beastiary | 2 | |
| Fortress | 1 | |
| Great Hall | 2 | |
20 total
» build order
00:06 Altar of Storms
00:09 Orc Burrow
00:51 Voodoo Lounge
01:17 War Mill
02:44 Stronghold
03:05 Orc Burrow
03:28 Orc Burrow
04:15 Orc Burrow
04:34 Watch Tower
05:16 Beastiary
05:17 Beastiary
05:51 Fortress
06:15 Orc Burrow
06:42 Great Hall
12:53 Orc Burrow
12:53 Orc Burrow
13:10 Orc Burrow
14:57 Watch Tower
14:59 Watch Tower
15:17 Great Hall
» items
| Healing Salve | 2 | |
| Lesser Clarity Potion | 4 | |
| Boots of Speed | 1 | |
| Potion of Healing | 2 | |
| Scroll of Town Portal | 2 | |
| Orb of Lightning | 1 | |
12 total
tosno.city (
blue | 64 APM | 1633 actions | 25:32)
5 Death Knight
3 Death Coil
2 Unholy Aura
2 Pit Lord
1 Rain of Fire
1 Cleaving Attack
» actions
| Assign group hotkey | 102 | |
| Build / train | 85 | |
| Enter build submenu | 26 | |
| Enter hero's abilities submenu | 7 | |
| Give item / drop item | 6 | |
| Right click | 697 | |
| Select / deselect | 370 | |
| Select group hotkey | 267 | |
| Use ability | 73 | |
1633 total
» units
| Acolyte | 13 | |
| Ghoul | 2 | |
| Crypt Fiend | 14 | |
| Goblin Shredder | 2 | |
| Goblin Zeppelin | 1 | |
| Frost Wyrm | 9 | |
| Troll Batrider | 5 | |
| Obsidian Statue | 1 | |
47 total
» upgrades
| Creature Attack | 3 | |
| Creature Carapace | 3 | |
| Web | 1 | |
7 total
» buildings
| Crypt | 1 | |
| Graveyard | 1 | |
| Ziggurat | 8 | |
| Altar of Darkness | 2 | |
| Tomb of Relics | 2 | |
| Nerubian Tower | 3 | |
| Halls of the Dead | 1 | |
| Black Citadel | 1 | |
| Sacrificial Pit | 1 | |
| Necropolis | 1 | |
| Spirit Tower | 4 | |
| Boneyard | 2 | |
| Slaughterhouse | 1 | |
28 total
» build order
00:10 Crypt
00:18 Graveyard
00:43 Ziggurat
01:01 Altar of Darkness
01:41 Ziggurat
01:53 Tomb of Relics
02:34 Nerubian Tower
04:49 Halls of the Dead
04:51 Ziggurat
07:24 Black Citadel
07:27 Sacrificial Pit
08:14 Ziggurat
08:17 Necropolis
08:28 Ziggurat
09:51 Nerubian Tower
09:52 Spirit Tower
09:53 Spirit Tower
10:02 Boneyard
10:06 Boneyard
10:46 Ziggurat
10:49 Ziggurat
10:54 Ziggurat
12:46 Nerubian Tower
12:47 Spirit Tower
12:47 Spirit Tower
19:30 Slaughterhouse
23:40 Altar of Darkness
24:22 Tomb of Relics
» items
| Rod of Necromancy | 1 | |
| Dust of Appearance | 2 | |
| Sacrificial Skull | 1 | |
| Scroll of Town Portal | 4 | |
| Potion of Lesser Invulnerability | 1 | |
| Potion of Healing | 1 | |
10 total
bbqq (
orange | 49 APM | 1276 actions | 26:17)
4 Mountain King
2 Storm Bolt
2 Bash
3 Paladin
1 Divine Shield
2 Holy Light
1 Blademaster
1 Mirror Image
» actions
| Assign group hotkey | 65 | |
| Build / train | 103 | |
| Enter build submenu | 28 | |
| Enter hero's abilities submenu | 9 | |
| Give item / drop item | 5 | |
| Right click | 325 | |
| Select / deselect | 314 | |
| Select group hotkey | 333 | |
| Use ability | 94 | |
1276 total
» units
| Peasant | 24 | |
| Footman | 6 | |
| Rifleman | 5 | |
| Mortar Team | 3 | |
| Knight | 6 | |
| Siege Engine | 6 | |
50 total
» upgrades
| Defend | 1 | |
| Masonry | 3 | |
| Lumber Harvesting | 2 | |
| Fragmentation Shards | 1 | |
| Flare | 1 | |
| Plating | 3 | |
| Gunpowder | 2 | |
| Swords | 1 | |
| Barrage | 1 | |
| Animal War Training | 1 | |
| Long Rifles | 1 | |
17 total
» buildings
| Barracks | 1 | |
| Altar of Kings | 1 | |
| Farm | 10 | |
| Lumber Mill | 1 | |
| Scout Tower | 8 | |
| Arcane Vault | 1 | |
| Arcane Tower | 1 | |
| Town Hall | 1 | |
| Keep | 1 | |
| Guard Tower | 7 | |
| Blacksmith | 2 | |
| Castle | 1 | |
| Workshop | 2 | |
37 total
» build order
00:56 Barracks
01:13 Altar of Kings
01:28 Farm
01:43 Farm
02:12 Lumber Mill
02:21 Farm
02:34 Scout Tower
02:48 Arcane Vault
03:12 Arcane Tower
04:53 Town Hall
04:59 Scout Tower
05:01 Scout Tower
05:10 Keep
05:30 Guard Tower
07:06 Blacksmith
07:10 Blacksmith
07:32 Farm
07:36 Castle
08:31 Farm
08:40 Workshop
09:57 Scout Tower
10:03 Scout Tower
10:36 Workshop
11:06 Guard Tower
11:09 Guard Tower
12:09 Guard Tower
13:17 Farm
13:20 Farm
13:22 Farm
18:52 Scout Tower
18:56 Scout Tower
19:01 Scout Tower
19:27 Guard Tower
19:30 Guard Tower
19:51 Guard Tower
20:44 Farm
23:38 Farm
» items
| Scroll of Protection | 3 | |
| Potion of Lesser Invulnerability | 1 | |
| Scroll of Healing | 2 | |
| Scroll of Town Portal | 4 | |
| Scroll of Regeneration | 1 | |
| Lesser Clarity Potion | 1 | |
| Potion of Healing | 1 | |
| Potion of Mana | 1 | |
| Orb of Fire | 1 | |
| Staff of Sanctuary | 1 | |
16 total

»
DunHilL-FighTer (
green | 54 APM | 1414 actions | 26:21)
4 Blademaster
2 Wind Walk
2 Critical Strike
3 Shadow Hunter
1 Hex
2 Healing Wave
» actions
| Assign group hotkey | 4 | |
| Basic commands | 180 | |
| Build / train | 138 | |
| Enter build submenu | 19 | |
| Enter hero's abilities submenu | 8 | |
| Give item / drop item | 3 | |
| Right click | 524 | |
| Select / deselect | 326 | |
| Select group hotkey | 122 | |
| Use ability | 90 | |
1414 total
» units
| Peon | 24 | |
| Grunt | 4 | |
| Wind Rider | 54 | |
| Troll Batrider | 8 | |
90 total
» upgrades
| Armor | 2 | |
| Ranged Weapons | 2 | |
| Envenomed Spears | 1 | |
| Spiked Barricades | 1 | |
6 total
» buildings
| Orc Burrow | 7 | |
| Barracks | 1 | |
| Altar of Storms | 1 | |
| Voodoo Lounge | 1 | |
| Great Hall | 2 | |
| Stronghold | 3 | |
| War Mill | 1 | |
| Beastiary | 2 | |
| Watch Tower | 4 | |
| Fortress | 2 | |
24 total
» build order
00:17 Orc Burrow
00:38 Barracks
01:00 Altar of Storms
01:38 Orc Burrow
02:04 Voodoo Lounge
04:37 Great Hall
04:49 Stronghold
04:49 Stronghold
05:02 War Mill
05:51 Orc Burrow
07:23 Beastiary
07:30 Beastiary
07:57 Watch Tower
08:10 Orc Burrow
09:07 Watch Tower
09:45 Fortress
09:55 Orc Burrow
10:50 Orc Burrow
11:53 Orc Burrow
20:16 Watch Tower
21:20 Watch Tower
24:58 Great Hall
» items
| Healing Salve | 3 | |
| Staff of Teleportation | 1 | |
| Scroll of Town Portal | 4 | |
| Orb of Lightning | 1 | |
| Tiny Great Hall | 1 | |
| Scroll of Protection | 1 | |
| Scroll of Healing | 1 | |
| Potion of Lesser Invulnerability | 1 | |
13 total
team 2 (winner)
Veyronismos (
yellow | 112 APM | 2956 actions | 26:21)
6 Demon Hunter
3 Mana Burn
2 Evasion
1 Metamorphosis
5 Keeper of the Grove
3 Entangling Roots
2 Thorns Aura
» actions
| Assign group hotkey | 29 | |
| Basic commands | 106 | |
| Build / train | 99 | |
| ESC pressed | 4 | |
| Enter build submenu | 22 | |
| Enter hero's abilities submenu | 13 | |
| Give item / drop item | 5 | |
| Remove unit from queue | 1 | |
| Right click | 1174 | |
| Select / deselect | 516 | |
| Select group hotkey | 845 | |
| Use ability | 142 | |
2956 total
» units
| Wisp | 31 | |
| Archer | 5 | |
| Druid of the Claw | 13 | |
49 total
» upgrades
| Strength of the Wild | 3 | |
| Reinforced Hides | 3 | |
| Abolish Magic | 1 | |
| Druid of the Claw Training | 2 | |
| Mark of the Claw | 1 | |
| Nature's Blessing | 1 | |
| Ultravision | 1 | |
| Well Spring | 1 | |
13 total
» buildings
| Altar of Elders | 1 | |
| Moon Well | 6 | |
| Ancient of War | 1 | |
| Tree of Life | 2 | |
| Tree of Ages | 2 | |
| Hunter's Hall | 1 | |
| Ancient of Wonders | 1 | |
| Tree of Eternity | 2 | |
| Ancient of Lore | 2 | |
| Ancient Protector | 6 | |
24 total
» build order
00:08 Altar of Elders
00:20 Moon Well
00:30 Ancient of War
01:42 Moon Well
02:44 Tree of Life
03:01 Tree of Life
03:10 Moon Well
03:35 Tree of Ages
03:35 Tree of Ages
05:19 Hunter's Hall
05:59 Ancient of Wonders
06:14 Tree of Eternity
06:14 Tree of Eternity
06:24 Ancient of Lore
06:25 Ancient of Lore
07:51 Ancient Protector
08:44 Ancient Protector
08:47 Ancient Protector
08:49 Ancient Protector
08:51 Ancient Protector
09:07 Moon Well
10:11 Ancient Protector
11:24 Moon Well
11:50 Moon Well
» items
| Scroll of Town Portal | 5 | |
| Orb of Venom | 1 | |
| Potion of Healing | 3 | |
| Periapt of Vitality | 3 | |
| Circlet of Nobility | 3 | |
| Scroll of Healing | 1 | |
16 total

»
Tilon- (
pink | 124 APM | 3272 actions | 26:21)
7 Pandaren Brewmaster
3 Breath of Fire
3 Drunken Brawler
1 Storm Earth and Fire
6 Warden
3 Blink
2 Fan of Knives
1 Spirit of Vengeance
5 Priestess of the Moon
3 Trueshot Aura
2 Searing Arrows
» actions
| Assign group hotkey | 42 | |
| Build / train | 147 | |
| ESC pressed | 6 | |
| Enter build submenu | 29 | |
| Enter hero's abilities submenu | 18 | |
| Give item / drop item | 4 | |
| Right click | 972 | |
| Select / deselect | 700 | |
| Select group hotkey | 1247 | |
| Use ability | 107 | |
3272 total
» units
| Wisp | 52 | |
| Archer | 15 | |
| Hippogryph | 16 | |
| Chimaera | 10 | |
93 total
» upgrades
| Strength of the Wild | 4 | |
| Reinforced Hides | 2 | |
| Improved Bows | 2 | |
| Well Spring | 2 | |
| Corrosive Breath | 2 | |
12 total
» buildings
| Altar of Elders | 2 | |
| Moon Well | 11 | |
| Ancient of War | 1 | |
| Tree of Ages | 3 | |
| Hunter's Hall | 1 | |
| Ancient of Wonders | 1 | |
| Tree of Life | 4 | |
| Ancient of Wind | 4 | |
| Tree of Eternity | 3 | |
| Chimaera Roost | 4 | |
34 total
» build order
00:09 Altar of Elders
00:11 Moon Well
00:13 Altar of Elders
02:09 Ancient of War
02:33 Moon Well
02:35 Moon Well
04:20 Tree of Ages
04:20 Tree of Ages
05:14 Tree of Ages
05:18 Moon Well
05:19 Moon Well
06:11 Hunter's Hall
06:13 Moon Well
06:15 Moon Well
06:15 Moon Well
06:57 Ancient of Wonders
07:40 Tree of Life
07:45 Ancient of Wind
07:51 Ancient of Wind
07:53 Ancient of Wind
08:17 Ancient of Wind
09:48 Tree of Eternity
11:01 Tree of Eternity
11:01 Tree of Eternity
12:49 Tree of Life
12:56 Chimaera Roost
12:57 Chimaera Roost
14:51 Chimaera Roost
14:53 Chimaera Roost
19:21 Tree of Life
20:30 Moon Well
20:32 Moon Well
20:33 Moon Well
21:22 Tree of Life
» items
| Potion of Healing | 2 | |
| Healing Salve | 1 | |
| Scroll of Town Portal | 6 | |
| Orb of Venom | 1 | |
| Boots of Speed | 1 | |
11 total
mol4 (
purple | 61 APM | 252 actions | 04:08)
1 Warden
1 Fan of Knives
» actions
| Assign group hotkey | 5 | |
| Basic commands | 5 | |
| Build / train | 21 | |
| Enter build submenu | 8 | |
| Enter hero's abilities submenu | 1 | |
| Right click | 110 | |
| Select / deselect | 75 | |
| Select group hotkey | 16 | |
| Use ability | 11 | |
252 total
» units
» buildings
| Moon Well | 3 | |
| Ancient of War | 2 | |
| Altar of Elders | 1 | |
| Hunter's Hall | 1 | |
7 total
» build order
00:35 Moon Well
01:00 Ancient of War
01:04 Altar of Elders
01:19 Moon Well
02:01 Ancient of War
02:26 Moon Well
03:03 Hunter's Hall
DontPlayTill1k (
teal | 72 APM | 1904 actions | 26:22)
8 Blademaster
3 Wind Walk
3 Critical Strike
1 Bladestorm
1 Mirror Image
» actions
| Assign group hotkey | 33 | |
| Basic commands | 33 | |
| Build / train | 84 | |
| Enter build submenu | 33 | |
| Enter hero's abilities submenu | 8 | |
| Give item / drop item | 6 | |
| Remove unit from queue | 3 | |
| Right click | 898 | |
| Select / deselect | 394 | |
| Select group hotkey | 266 | |
| Use ability | 146 | |
1904 total
» units
| Peon | 8 | |
| Grunt | 4 | |
| Goblin Shredder | 1 | |
| Troll Batrider | 25 | |
| Goblin Sapper | 2 | |
| Goblin Zeppelin | 2 | |
| Raider | 2 | |
44 total
» upgrades
| Ranged Weapons | 2 | |
| Troll Regeneration | 1 | |
| Armor | 3 | |
| Liquid Fire | 1 | |
| Reinforced Defenses | 1 | |
| Ensnare | 1 | |
| Melee Weapons | 3 | |
| Pillage | 1 | |
13 total
» buildings
| Orc Burrow | 4 | |
| Barracks | 1 | |
| Altar of Storms | 1 | |
| Voodoo Lounge | 2 | |
| Stronghold | 1 | |
| War Mill | 1 | |
| Great Hall | 1 | |
| Beastiary | 5 | |
| Watch Tower | 15 | |
| Fortress | 1 | |
32 total
» build order
01:41 Orc Burrow
01:55 Barracks
02:12 Altar of Storms
02:21 Orc Burrow
03:41 Voodoo Lounge
03:44 Voodoo Lounge
04:49 Stronghold
05:21 War Mill
05:48 Orc Burrow
06:14 Great Hall
06:25 Orc Burrow
07:52 Beastiary
07:53 Beastiary
07:57 Watch Tower
07:58 Watch Tower
08:06 Watch Tower
08:07 Watch Tower
09:31 Beastiary
09:31 Beastiary
09:37 Watch Tower
09:39 Watch Tower
09:44 Fortress
10:05 Watch Tower
10:05 Watch Tower
10:09 Watch Tower
10:10 Watch Tower
10:13 Watch Tower
10:14 Watch Tower
10:46 Beastiary
22:33 Watch Tower
22:33 Watch Tower
22:33 Watch Tower
» items
| Healing Salve | 3 | |
| Lesser Clarity Potion | 3 | |
| Staff of Teleportation | 1 | |
| Orb of Lightning | 1 | |
| Scroll of Town Portal | 3 | |
| Potion of Mana | 1 | |
| Potion of Healing | 1 | |
13 total
Chat log
(00:03 / Allies) Tilon-: Hi
(00:04 / Allies) DontPlayTill1k: I don't move until I have 1k gold
(00:06 / Allies) mol4: hi all
(00:15 / Allies) Tilon-: 3 elf
(00:16 / Allies) Tilon-: hero all?
(00:21 / Allies) Tilon-: play
(00:27 / Allies) DontPlayTill1k: Not until my total says 1k gold
(00:30 / Allies) mol4: afk
(00:32 / Allies) Veyronismos: dh kotg dryads bears
(00:32 / Allies) mol4: orc
(00:48 / Allies) DontPlayTill1k: I'm not AFK, I don't play until my gold total says 1000
(00:54 / Allies) Tilon-: damn I give wrong
(00:56 / Allies) Tilon-: give back pls
(01:08 / Allies) Veyronismos: wtf is this cancer
(01:16 / Allies) Tilon-: I take exp
(02:28 / Allies) Tilon-: From?
(04:01 / Allies) Tilon-: damn
(04:03 / Allies) Tilon-: red prob bats
(04:13 / Allies) Veyronismos: pfff
(04:14 / Allies) Tilon-: I control
(04:16 / Allies) DontPlayTill1k: did purple give back your gold
(04:43 / Allies) Tilon-: Units yellow?
(05:48 / Allies) Veyronismos: lol
(09:21 / Allies) DontPlayTill1k: b
(11:11 / Allies) Tilon-: all
(11:49 / All) DontPlayTill1k: cool mh
(12:27 / Allies) Veyronismos: b
(13:54 / Allies) DontPlayTill1k: blue mhs I think
(15:07 / Allies) Tilon-: bat teal
(15:51 / Allies) DontPlayTill1k: wasn't watching
(18:40 / Allies) Tilon-: gj wp
(18:55 / Allies) DontPlayTill1k: b
(18:55 / Allies) DontPlayTill1k: b
(19:05 / Allies) Tilon-: b
(19:21 / All) DontPlayTill1k: HOLD ONTO YOUR BUTTS
(21:33 / Allies) DontPlayTill1k: they hvaqe mh
(21:37 / Allies) DontPlayTill1k: that's sad
(21:41 / Allies) Veyronismos: how do you know?
(21:44 / Allies) DontPlayTill1k: blue does
(21:48 / Allies) DontPlayTill1k: follows my invis bm
(21:51 / Allies) DontPlayTill1k: pre shade
(22:43 / All) Veyronismos: bb
(23:12 / Allies) DontPlayTill1k: got tp?
(23:14 / Allies) Tilon-: omw
(23:15 / Allies) Tilon-: no tp
(23:18 / Allies) Veyronismos: i m b